 Dungeon Crawl Stone Soup version 0.28-a0-909-g796cbd3a86 (webtiles) character file.

Game seed: 5876361220700370057

4532 bjtr the Geomancer (level 10, -2/71 HPs)
             Began as a Formicid Earth Elementalist on Nov 22, 2021.
             Was an Initiate of Vehumet.
             Killed from afar by a steam dragon (5 damage)
             ... with a ball of steam
             ... on level 8 of the Dungeon on Nov 24, 2021.
             The game lasted 01:00:05 (10831 turns).

bjtr the Geomancer (Formicid Earth Elementalist)   Turns: 10831, Time: 01:00:06

Health: -2/71      AC: 10    Str: 15    XL:     10   Next: 66%
Magic:  20/20      EV: 13    Int: 23    God:    Vehumet [......]
Gold:   440        SH:  5    Dex: 11    Spells: 12/22 levels left

rFire   + . .      SeeInvis +   a - +5 whip of the Hidden Vale {protect, Int+4}
rCold   + . .      Faith    .   i - +0 buckler
rNeg    + . .      Spirit   .   I - +3 leather armour "Biybbeang" {Will+ Str+3}
rPois   +          Reflect  .   (helmet unavailable)
rElec   +          Harm     .   (no cloak)
rCorr   +          Rampage  .   k - +2 pair of gloves
Will    ++...                   (no boots)
Stlth   ++........              (no amulet)
HPRegen 0.21/turn               P - ring of positive energy
MPRegen 0.17/turn               (no ring)

@: resistant
A: permanent stasis, dig shafts and tunnels, antennae 3, four strong arms
a: Dig, Shaft Self, Renounce Religion


You were on level 8 of the Dungeon.
You worshipped Vehumet.
Vehumet was noncommittal.
You visited 2 branches of the dungeon, and saw 9 of its levels.

You collected 440 gold pieces.

Inventory:

Hand Weapons
 a - the +5 whip of the Hidden Vale (weapon) {protect, Int+4}
   (You found it on level 5 of the Dungeon)

   It grants its wielder temporary protection when it strikes (+7 to AC).
   Int:       It affects your intelligence (+4).
 b - a +1 longbow
 d - a +0 club
 f - a +0 quarterstaff
 g - a +0 short sword
 h - a +0 hand axe
 B - a +1 mace of venom
 C - a +1 mace of draining
 F - a +0 halberd
 K - a +2 falchion
 L - a +0 war axe
 M - a +4 long sword
Missiles
 c - 119 stones
 j - 47 poisoned darts
 m - 81 sling bullets
 n - 5 boomerangs
 s - 25 bolts
 v - 5 javelins (quivered)
 H - 16 arrows
Armour
 i - a +0 buckler (worn)
 k - a +2 pair of gloves (worn)
 I - the +3 leather armour "Biybbeang" (worn) {Will+ Str+3}
   (You found it on level 6 of the Dungeon)

   Str:       It affects your strength (+3).
   Will:      It increases your willpower.
 J - a +0 kite shield
Magical Staves
 w - a staff of fire
 y - a staff of poison
Jewellery
 P - a ring of positive energy (left hand)
Scrolls
 l - a scroll of immolation
 p - a scroll of enchant weapon
 G - a scroll of enchant armour
 N - a scroll of fear
 O - a scroll of acquirement {unknown}
Potions
 e - a potion of curing
 o - 2 potions of attraction
 q - 3 potions of lignification
 r - a potion of haste {unknown}
 t - a potion of cancellation
 u - a potion of flight
 x - a potion of magic
 D - a potion of invisibility {unknown}
 E - a potion of degeneration {unknown}


   Skills:
 + Level 4.1 Fighting
 + Level 5.8 Armour
 + Level 5.1 Dodging
 + Level 5.1 Stealth
 * Level 6.1 Shields
 + Level 6.7 Spellcasting
 + Level 2.3 Conjurations
 + Level 1.1 Transmutations
 * Level 9.8 Earth Magic


You had 12 spell levels left.
You knew the following spells:

 Your Spells              Type           Power      Damage    Failure   Level
a - Sandblast             Erth           100%       2d20      1%          1
b - Passwall              Tmut/Erth      26%        N/A       1%          2
c - Stone Arrow           Conj/Erth      70%        3d11      2%          3
d - Petrify               Tmut/Erth      32%        N/A       10%         4

Your spell library contained the following spells:

 Spells                   Type           Power      Damage    Failure   Level
 Beastly Appendage        Tmut           24%        N/A       6%          1
 Wereblood                Tmut           12%        N/A       9%          2
 Dazzling Flash           Conj/Hex       26%        N/A       17%         3
 Spider Form              Tmut/Pois      10%        N/A       22%         3
 Iskenderun's Mystic Bla  Conj/Tloc      13%        2d5       50%         4
 Starburst                Conj/Fire      6%         6d4       100%        6


Dungeon Overview and Level Annotations

Branches:
Dungeon (8/15)             Temple (1/1) D:5            Lair (0/6) D:8

Altars:
Ashenzari
Cheibriados
Dithmenos
Elyvilon
Fedhas
Hepliaklqana
Kikubaaqudgha
Makhleb
Nemelex Xobeh
Okawaru
Qazlal
Ru
Sif Muna
Trog
Uskayaw
Vehumet
Wu Jian
Xom
Yredelemnul
Zin
The Shining One


Innate Abilities, Weirdness & Mutations

You cannot be hasted, slowed, berserked, paralysed or teleported.
You can dig through walls and to a lower floor.
You have a pair of large antennae on your head. (SInv)
Your four strong arms can wield two-handed weapons with a shield.


Message History

You see here 14 gold pieces.
The steam dragon hisses angrily.
Unknown command.
The steam dragon breathes steam at you. The ball of steam hits you!!
You hear a shout!
You barely miss the steam dragon.
You are engulfed in a cloud of scalding steam.
You block the steam dragon's attack. The steam dragon closely misses you.
You barely miss the steam dragon.
You are engulfed in a cloud of scalding steam.
The steam dragon bites you but does no damage.
The steam dragon closely misses you.
You hit the steam dragon.
Your weapon exudes an aura of protection.
The steam dragon is lightly wounded.
You are engulfed in a cloud of scalding steam.
The steam dragon breathes steam at you. The ball of steam hits you!
Unknown command.
You extend your mandibles.
You dig through the rock wall.
The steam dragon bites you. The steam dragon misses you.
You dig through the rock wall.
You dig through the rock wall.
The steam dragon breathes steam at you. The ball of steam hits you!!
* * * LOW HITPOINT WARNING * * *
Unknown command.
It was a potion of berserk rage.
Your stasis prevents you from going berserk.
You are engulfed in a cloud of scalding steam.
The steam dragon bites you.
* * * LOW HITPOINT WARNING * * *
The steam dragon closely misses you.
It was a potion of resistance.
You feel protected. The steam dragon breathes steam at you.
The ball of steam hits you. You resist.
You die...

#...........#
###########.#
{ #.# # #.#
#.###### #.#
## #.....$#
#.# #.
....##.#ยง#
##.###. #
#D##.#
#>..##.
##@#<#
#...... ###.#
##...##. #..
...^......
####
##########


You could see a steam dragon (catching breath).

Vanquished Creatures
  3 centaur zombies
  A spriggan (D:7)
  2 yaks (D:7)
  Eustachio (D:6)
  Menkaure (D:6)
  8 water moccasins
  An orc warrior (D:7)
  2 ice beasts (D:7)
  3 black bears
  A sky beast (D:3)
  A necrophage (D:6)
  An ogre (D:6)
  A kobold brigand (D:7)
  2 bullfrogs
  A gnoll sergeant (D:8)
  5 scorpions
  5 wights (D:6)
  2 howler monkeys
  A bullfrog zombie (D:7)
  A hound (D:6)
  3 orc priests
  A centaur skeleton (D:6)
  3 iguanas
  3 orc wizards
  A killer bee zombie (D:7)
  Robin (D:3)
  10 gnolls
  6 adders
  3 ufetubi
  An adder skeleton (D:4)
  A dart slug (D:1)
  13 orcs
  2 ball pythons
  2 bats (D:3)
  9 endoplasms
  5 giant cockroaches
  8 goblins
  11 hobgoblins
  7 kobolds
  3 quokkas
  3 frilled lizards
  5 rats
144 creatures vanquished.

Vanquished Creatures (others)
  41 fungi (D:8)
  44 plants (D:8)
85 creatures vanquished.

Grand Total: 229 creatures vanquished

Notes
Turn   | Place    | Note
-------+----------+-------------------------------------------
     0 | D:1      | bjtr the Formicid Earth Elementalist began the quest for
                  | the Orb.
     0 | D:1      | Reached XP level 1. HP: 13/13 MP: 3/3
   134 | D:1      | Reached skill level 1 in Armour
   193 | D:1      | Reached XP level 2. HP: 17/19 MP: 0/5
   196 | D:1      | Learned a level 2 spell: Passwall
   341 | D:1      | Reached skill level 1 in Shields
   987 | D:2      | Reached skill level 4 in Earth Magic
   987 | D:2      | Reached XP level 3. HP: 24/24 MP: 4/6
  1139 | D:2      | Found a faded altar of an unknown god.
  1268 | D:2      | Learned a level 3 spell: Stone Arrow
  1786 | D:2      | Reached XP level 4. HP: 30/30 MP: 7/7
  2214 | D:3      | Reached XP level 5. HP: 14/35 MP: 3/9
  3024 | D:3      | Noticed Robin
  3050 | D:3      | Killed Robin
  3283 | D:3      | Noticed a sky beast
  3296 | D:3      | Killed a sky beast
  3297 | D:3      | Reached XP level 6. HP: 24/42 MP: 1/10
  3681 | D:4      | Reached skill level 5 in Earth Magic
  4559 | D:4      | Upgraded the game from 0.28-a0-883-gc8d7bad45d to
                  | 0.28-a0-895-g6e5f11bd55
  4560 | D:5      | Entered Level 5 of the Dungeon
  4592 | D:5      | Noticed a sky beast
  4614 | D:5      | Noticed a water moccasin
  5080 | D:2      | You fall into a shaft and drop 2 floors!
  5332 | D:5      | Noticed a water moccasin
  5346 | D:5      | Killed a water moccasin
  5347 | D:5      | Reached skill level 1 in Fighting
  5347 | D:5      | Reached XP level 7. HP: 46/48 MP: 7/12
  5405 | D:5      | Killed a water moccasin
  5451 | D:5      | Found a staircase to the Ecumenical Temple.
  5536 | D:5      | Reached skill level 6 in Earth Magic
  5543 | D:5      | Reached XP level 8. HP: 32/54 MP: 14/14
  5685 | D:5      | Identified the +5 whip of the Hidden Vale {protect, Int+4}
  6313 | D:6      | Identified the +3 leather armour "Biybbeang" {Will+ Str+3}
  6520 | D:6      | Reached skill level 7 in Earth Magic
  6544 | D:6      | Noticed Menkaure
  6548 | D:6      | Killed Menkaure
  6549 | D:6      | Reached skill level 5 in Spellcasting
  6652 | D:6      | Reached XP level 9. HP: 58/62 MP: 12/16
  6879 | D:6      | Reached skill level 5 in Armour
  7242 | D:6      | Upgraded the game from 0.28-a0-895-g6e5f11bd55 to
                  | 0.28-a0-906-g0406aca7d3
  7369 | D:6      | Learned a level 4 spell: Petrify
  7479 | D:6      | Found a sparkling altar of Nemelex Xobeh.
  7489 | D:6      | Reached skill level 8 in Earth Magic
  7539 | D:6      | Noticed Eustachio
  7955 | D:6      | Killed Eustachio
  7956 | D:6      | Reached skill level 1 in Conjurations
  8909 | D:7      | Reached skill level 9 in Earth Magic
  8909 | D:7      | Reached XP level 10. HP: 55/70 MP: 15/19
  9166 | D:7      | Reached skill level 5 in Shields
  9417 | Temple   | Entered the Ecumenical Temple
  9570 | Temple   | Became a worshipper of Vehumet
  9654 | D:8      | Noticed a two-headed ogre
  9910 | D:7      | Reached skill level 5 in Stealth
 10094 | D:8      | Found a staircase to the Lair.
 10623 | D:8      | Reached skill level 5 in Dodging
 10623 | D:8      | Upgraded the game from 0.28-a0-906-g0406aca7d3 to
                  | 0.28-a0-909-g796cbd3a86
 10830 | D:8      | HP: 3/71 [steam dragon (3)]
 10831 | D:8      | Killed from afar by a steam dragon

Illustrated notes

Levels and vault maps discovered:
D:1:      dpeg_arrival_oval, layout_loops_ring, st_stairs_5
D:2:      layout_basic, shapermc_ecumenical_altar_starsandcircs
D:3:      layout_basic, minmay_crystal_water, item_on_display_a, uniq_robin
D:4:      layout_gridville
D:5:      layout_rooms, minmay_temple_entry_sparse_star
D:6:      layout_cave_pods, nicolae_overflow_crystal_walls, uniq_menkaure,
          uniq_eustachio
D:7:      layout_loops_corners, the_hattery
D:8:      layout_loops_ring, due_lair_maze_entry_diamond
Temple:   regret_index_temple_chain_breaker

Skill      XL: |  1  2  3  4  5  6  7  8  9 10 |
---------------+-------------------------------+-----
Armour         | 1 2 3 4 5 |  5.8
Shields        | 1 2 3 4 6 |  6.1
Earth Magic    | 4 5 6 7 9 |  9.8
Dodging        | 2 3 4 5 |  5.1
Spellcasting   | 3 4 5 6 |  6.7
Stealth        | 3 4 5 |  5.1
Fighting       | 1 2 3 4 |  4.1
Conjurations   | 1 2 |  2.3
Transmutations | |  1.1

Action                   |  1- 3 |  4- 6 |  7- 9 | 10-12 || total
-------------------------+-------+-------+-------+-------++-------
Melee: Unarmed           |     1 |       |       |       ||     1
       Mace              |    24 |   106 |    16 |       ||   146
       Whip              |       |       |   161 |    61 ||   222
 Fire: Longbow           |       |       |     4 |       ||     4
Throw: Boomerang         |     7 |     4 |       |       ||    11
       Javelin           |       |     3 |       |       ||     3
 Cast: Sandblast         |    25 |    37 |    23 |     2 ||    87
       Stone Arrow       |       |     4 |    43 |    35 ||    82
 Abil: Dig               |       |    21 |     4 |     5 ||    30
       Shaft Self        |       |     1 |       |       ||     1
  Use: Scroll            |       |    10 |     8 |       ||    18
       Potion            |       |       |       |     4 ||     4
 Stab: Sleeping          |       |     2 |     3 |       ||     5
Armor: Robe              |     3 |    37 |    18 |       ||    58
       Leather armour    |       |       |    72 |    71 ||   143
Dodge: Dodged            |    31 |    71 |   143 |    72 ||   317
Block: Buckler           |       |    30 |    55 |    40 ||   125

Table legend: (Time is in decaauts)
 A = Elapsed time spent in this place.
 B = Non-inter-level travel time spent in this place.
 C = Inter-level travel time spent in this place.
 D = Time resting spent in this place.
 E = Time spent auto-exploring this place.
 F = Levels seen in this place.
 G = Mean time per level.
                   A        B        C        D        E       F      G
               +--------+--------+--------+--------+--------+-----+--------+
         Total |  10960 |  10544 |    416 |   2932 |   5058 |   9 | 1217.8 |
       Dungeon |  10797 |  10390 |    407 |   2932 |   4938 |   8 | 1349.6 |
        Temple |    162 |    154 |      8 |      0 |    120 |   1 |  162.0 |
               +--------+--------+--------+--------+--------+-----+--------+

Top non-repeatable levels by time:
     D:7: 2181 daAuts
     D:6: 2039 daAuts
     D:3: 1709 daAuts
     D:4: 1310 daAuts
     D:2: 1226 daAuts
     D:1: 1097 daAuts
     D:5: 853 daAuts
     D:8: 380 daAuts
  Temple: 162 daAuts
